 Dungeon Crawl Stone Soup version 0.18-a0-1745-gffa9a88 (webtiles) character file.

379 dohliylev the Sneak (level 6, -3/41 HPs)
             Began as a Vampire Enchanter on Apr 11, 2016.
             Slain by an ice beast (6 damage)
             ... on level 5 of the Dungeon.
             The game lasted 00:15:27 (4014 turns).

dohliylev the Sneak (Vampire Enchanter)             Turns: 4014, Time: 00:15:28

Health: -3/41      AC:  5    Str:  7    XL:     6   Next: 45%
Magic:  8/10       EV: 14    Int: 17    God:
Gold:   175        SH:  0    Dex: 17    Spells: 2 memorised, 8 levels left

rFire  . . .     SeeInvis +     a - +1 dagger
rCold  + . .     Gourm    .     u - +1 robe
rNeg   + + .     Faith    .     (no shield)
rPois  +         Spirit   .     n - +0 helmet
rElec  .         Dismiss  .     (no cloak)
rCorr  .         Reflect  .     (no gloves)
SustAt .         Harm     .     f - +0 pair of boots
MR     .....     Rnd*Tele +     (no amulet)
Stlth  ++++......               (no ring)
                                p - ring of teleportation (curse)

@: regenerating slowly, not resistant to hostile enchantments, stealthy
A: fangs 3, see invisible, unbreathing
a: Bat Form


You were on level 5 of the Dungeon.
You were very thirsty.

You visited 1 branch of the dungeon, and saw 5 of its levels.

You collected 175 gold pieces.

Inventory:

Hand Weapons
 a - a +1 dagger (weapon)
 b - a +0 blowgun
 z - a +0 short sword of draining
Missiles
 v - 18 poisoned needles
Armour
 f - a +0 pair of boots (worn)
 n - a +0 helmet (worn)
 u - a +1 robe (worn)
Jewellery
 p - a cursed ring of teleportation (left hand)
Wands
 q - a wand of acid (3/15)
Scrolls
 d - 2 scrolls of random uselessness {unknown}
 j - a scroll of remove curse {unknown}
 k - a scroll of enchant weapon {unknown}
 s - 4 scrolls of identify {unknown}
 w - 2 scrolls of fear {unknown}
 x - a scroll of magic mapping {unknown}
 y - a scroll of noise {unknown}
Potions
 e - a potion of brilliance {unknown}
 g - a potion of agility {unknown}
 h - 12 potions of blood
 l - a potion of might {unknown}
 m - 3 potions of curing
 o - 2 potions of flight {unknown}
 r - 4 potions of degeneration {unknown}
 t - a potion of haste {unknown}
 A - a potion of beneficial mutation {unknown}
Books
 c - a book of Maledictions

   Spells                             Type                      Level
   a - Corona                         Hexes                        1
   b - Ensorcelled Hibernation        Hexes/Ice                    2
   c - Confuse                        Hexes                        3
   d - Tukima's Dance                 Hexes                        3
   e - Dazzling Spray                 Conjuration/Hexes            3
 i - a book of Party Tricks

   Spells                             Type                      Level
   a - Summon Butterflies             Summoning                    1
   b - Apportation                    Translocation                1
   c - Tukima's Dance                 Hexes                        3
   d - Alistair's Intoxication        Transmutation/Poison         5
   e - Invisibility                   Hexes                        6


   Skills:
 + Level 0.1 Fighting
 + Level 1.4 Short Blades
 + Level 1.1 Throwing
 + Level 3.2 Dodging
 + Level 7.6 Stealth
 + Level 3.2 Spellcasting
 + Level 6.0 Hexes
 + Level 1.1 Ice Magic


You had 8 spell levels left.
You knew the following spells:

 Your Spells              Type           Power        Failure   Level  Hunger
a - Corona                Hex            ###....      1%          1    None
b - Ensorcelled Hibernat  Hex/Ice        ##....       10%         2    ##.....


Dungeon Overview and Level Annotations

Branches:
Dungeon (5/15)             Temple (0/1) D:5

Altars:
Fedhas

Annotations:
D:4 dobroeutro's ghost, amateur GrFi


Innate Abilities, Weirdness & Mutations

You heal slowly.
You have razor-sharp teeth.
You have supernaturally acute eyesight.
You can survive without breathing.


Message History

The ice beast hits you. The ice beast freezes you. You resist.
* * * LOW HITPOINT WARNING * * *
You hit the ice beast.
The ice beast is lightly wounded.
The ice beast hits you but does no damage.
You hit the ice beast but do no damage. Your bite misses the ice beast.
The ice beast is lightly wounded.
The ice beast hits you but does no damage.
You hit the ice beast.
The ice beast is lightly wounded.
The ice beast hits you.
* * * LOW HITPOINT WARNING * * *
The ice beast freezes you. You resist.
* * * LOW HITPOINT WARNING * * *
The ice beast stops glowing.
Found a staircase to the Ecumenical Temple.
The ice beast hits you.
* * * LOW HITPOINT WARNING * * *
The ice beast freezes you. You resist.
You die...

##......#
#.....
##.......#
##....#
#........#
#.....# .
#........#
#....## ..
##........#
##....#
...#.......).#
#.....#
............##
#....###
...#....Y...#
##....#..
#....@..###
##........
.>.....####
##........#
#.#.....#
#.........#
...#.....#
#....(...##
......#...#
#........#
##.... #...#
#.......##
#####
#....##....####
#.........#
#........#


You could see an ice beast.

Vanquished Creatures
  An ogre (D:5)
  2 hounds (D:4)
  An orc priest (D:4)
  An orc wizard (D:4)
  3 worker ants (D:4)
  3 adders
  An adder skeleton (D:4)
  A worm (D:3)
  3 dart slugs
  A giant gecko (D:2)
  11 orcs
  2 giant cockroaches
  A goblin (D:2)
  3 hobgoblins
  4 jackals (D:1)
  7 kobolds
  2 quokkas
  2 bats (D:2)
  9 giant newts
  A quokka skeleton (D:4)
  7 rats
66 creatures vanquished.

Notes
Turn   | Place    | Note
--------------------------------------------------------------
     0 | D:1      | dohliylev the Vampire Enchanter began the quest for the Orb.
     0 | D:1      | Reached XP level 1. HP: 13/13 MP: 3/3
   107 | D:1      | Reached XP level 2. HP: 12/19 MP: 5/5
   111 | D:1      | Learned a level 2 spell: Ensorcelled Hibernation
   564 | D:1      | Reached skill level 5 in Stealth
   753 | D:2      | Reached XP level 3. HP: 24/24 MP: 3/6
   806 | D:2      | Reached skill level 5 in Hexes
  1831 | D:3      | Reached skill level 6 in Stealth
  1894 | D:3      | Found a blossoming altar of Fedhas.
  1917 | D:3      | Reached XP level 4. HP: 28/30 MP: 1/7
  2516 | D:4      | Noticed dobroeutro's ghost (amateur GrFi)
  2529 | D:4      | HP: 1/30 [orc priest (4)]
  2771 | D:4      | Reached XP level 5. HP: 30/35 MP: 6/9
  3273 | D:4      | Reached skill level 1 in Throwing
  3462 | D:4      | Reached skill level 7 in Stealth
  3462 | D:4      | Reached skill level 1 in Ice Magic
  3834 | D:4      | Reached XP level 6. HP: 41/41 MP: 10/10
  3915 | D:5      | Entered Level 5 of the Dungeon
  3985 | D:5      | Noticed an ice beast
  4013 | D:5      | Found a staircase to the Ecumenical Temple.
  4014 | D:5      | Slain by an ice beast

Vault maps used:
D:1:      dpeg_arrival_sounds_slurp, minmay_newt_pond
D:3:      fedhas_altar_1
D:4:      first_bread
D:5:      minmay_temple_entry_crystal_x, portal_sewer_entry_e, serial_shops,
          shop, uniq_edmund

Skill      XL: |  1  2  3  4  5  6 |
---------------+-------------------+-----
Stealth        | 5 6 7 |  7.6
Hexes          | 5 6 |  6.0
Throwing       | 1 |  1.1
Dodging        | 3 |  3.2
Ice Magic      | 1 |  1.1
Spellcasting   | 3 |  3.2
Fighting       | |  0.1
Short Blades   | |  1.4

Action                   |  1- 3 |  4- 6 || total
-------------------------+-------+-------++-------
Melee: Dagger            |   113 |    57 ||   170
 Fire: Blowgun           |     2 |    10 ||    12
 Cast: Ensorcelled Hiber |    23 |    27 ||    50
       Corona            |     1 |     2 ||     3
 Abil: End Transformatio |       |     3 ||     3
       Bat Form          |       |     3 ||     3
  Use: Potion            |     5 |     1 ||     6
       Scroll            |       |     3 ||     3
 Stab: Sleeping          |    23 |    21 ||    44
  Eat: Corpse            |     2 |     2 ||     4
